 Dungeon Crawl Stone Soup version 0.30-a0-347-gf58ed5266c (webtiles) character file.

Game seed: 4107738183730470892

56 themarg the Changer (level 3, -1/27 HPs)
             Began as a Merfolk Transmuter on Nov 6, 2022.
             Slain by an adder (2 damage)
             ... on level 2 of the Dungeon.
             The game lasted 00:06:10 (1357 turns).

themarg the Changer (Merfolk Transmuter)            Turns: 1357, Time: 00:06:11

Health: -1/27      AC:  3    Str: 10    XL:     3   Next: 95%
Magic:  6/6        EV: 13    Int: 14    God:
Gold:   88         SH:  0    Dex: 14    Spells: 3/6 levels left

rFire   . . .      SeeInvis .    d - +0 mace
rCold   . . .      Faith    .    (no shield)
rNeg    . . .      Spirit   .    a - +0 robe
rPois   .          Reflect  .    (helmet currently unavailable)
rElec   .          Harm     .    (no cloak)
rCorr   .          Rampage  .    e - +0 pair of gloves
Will    .....                    (boots currently unavailable)
Stlth   ++........               (no amulet)
HPRegen 0.24/turn                (no ring)
MPRegen 0.10/turn                (no ring)

@: lethally poisoned (-1 -> -5), appendages (expiring)
A: horns 2, (nimble swimmer 2), mertail
a: End Transformation


You were on level 2 of the Dungeon.
You had temporarily grown beastly horns.
You visited 1 branch of the dungeon, and saw 2 of its levels.

You collected 88 gold pieces.

Inventory:

Hand Weapons
 d - a +0 mace (weapon)
 o - a +1 trident
Missiles
 b - 19 stones
 n - 6 poisoned darts
Armour
 a - a +0 robe (worn)
 e - a +0 pair of gloves (worn)
 l - a +0 cloak
Jewellery
 i - a +4 ring of evasion
Wands
 m - a wand of roots (6)
Scrolls
 c - a scroll of silence {unknown}
 g - a scroll of immolation {unknown}
 h - 2 scrolls of enchant weapon
 j - a scroll of magic mapping {unknown}
 k - a scroll of poison
Potions
 f - 2 potions of curing


   Skills:
 + Level 2.0 Fighting
 - Level 3.0 Dodging
 + Level 1.5 Stealth
 - Level 3.4 Unarmed Combat
 - Level 2.0 Spellcasting
 * Level 3.8 Transmutations
 + Level 0.7 Poison Magic


You had 3 spell levels left.
You knew the following spells:

 Your Spells              Type           Power      Damage    Failure   Level
a - Beastly Appendage     Tmut           24%        N/A       4%          1
b - Wereblood             Tmut           12%        N/A       8%          2

Your spell library contained the following spells:

 Spells                   Type           Power      Damage    Failure   Level
 Passwall                 Tmut/Erth      5%         N/A       16%         2
 Spider Form              Tmut/Pois      7%         N/A       28%         3
 Ensorcelled Hibernation  Hex/Ice        2%         N/A       34%         2
 Swiftness                Air            1%         N/A       56%         3
 Ice Form                 Ice/Tmut       6%         N/A       71%         4


Dungeon Overview and Level Annotations

Branches:
Dungeon (2/15)

Altars:


Innate Abilities, Weirdness & Mutations

You have temporarily grown beastly horns.
((You are very nimble when in or above water. (Stealth+, EV+, Speed+++)))
Your lower body shifts to a powerful aquatic tail in water.


Message History

Casting: Beastly Appendage (safe; 4% risk of failure)
Confirm with . or Enter, or press ? or * to list all spells.
You grow a pair of large bovine horns.
You see here a +0 robe.
A gnoll comes into view. It is wielding a +0 flail.
The gnoll shouts!
You hear an angry hiss.
A ball python comes into view.
You hit the adder.
The adder is heavily wounded.
The adder bites you.
You hit the adder.
The adder is almost dead.
The adder misses you. The adder bites you.
You barely miss the adder.
The adder is almost dead.
The adder closely misses you. The adder barely misses you.
The gnoll barely misses you.
You barely miss the adder.
The adder is almost dead.
The adder bites you.
You are poisoned.
The adder poisons you! The gnoll hits you with a +0 flail!
A gnoll comes into view. It is wielding a +0 spear.
The adder bites you.
As you read the scroll labelled IGHUNIE SOERO, it crumbles to dust.
It is a scroll of enchant weapon.
Your +0 trident glows red for a moment.
Your transformation is almost over.
You feel sick. The gnoll hits you with a +0 flail!
* * * LOW HITPOINT WARNING * * *
The adder closely misses you.
A gnoll comes into view. It is wielding a +0 spear.
The air fills with toxic fumes!
As you read the scroll labelled XOXEMU FOEME, it crumbles to dust.
It was a scroll of poison.
* * * LOW HITPOINT WARNING * * *
You feel sick.
The gnoll shouts!
The adder bites you.
You die...

§§§g§§ #..... §§§g§
#.... §§§§ ### #......
§§§## # .. ........ §§§§
.. .#####.. .....
§S#####.## .#...#.##
#..# #g#..S....
.#...#..##
#.###@#......#
.#...#)..###..##S#.....#
#.###.##.......§§§..#
.#...#.#...#..§§#####
##.).##.##...§§§+
.).#†..#.#..§§§§#
.......##.##§§§§#
.#.#.....#.#§§§##
...##^...###...#


You could see 3 gnolls, an adder and a ball python.

Vanquished Creatures
  An adder (D:2)
  4 ball pythons (D:2)
  3 endoplasms (D:1)
  2 giant cockroaches
  6 goblins
  5 hobgoblins
  4 jackals (D:1)
  5 quokkas
  4 bats
  2 frilled lizards
  2 kobolds (D:2)
  3 rats (D:1)
41 creatures vanquished.

Notes
Turn   | Place    | Note
-------+----------+-------------------------------------------
     0 | D:1      | themarg the Merfolk Transmuter began the quest for the Orb.
     0 | D:1      | Reached XP level 1. HP: 15/15 MP: 3/3
    47 | D:1      | Reached XP level 2. HP: 20/21 MP: 3/5
    57 | D:1      | Learned a level 2 spell: Wereblood
   576 | D:1      | Reached skill level 1 in Stealth
   804 | D:1      | Reached XP level 3. HP: 25/27 MP: 4/6
  1357 | D:2      | HP: 1/27 [poisoned by an adder]
  1357 | D:2      | Slain by an adder

Illustrated notes

Levels and vault maps discovered:
D:1:      saegor_arrival_simple_d, layout_basic, minmay_misc_feat_pillars
D:2:      layout_basic, serial_shops, nicolae_shop_hallway_plus,
          dreamdust_ecumenical_altar_drowned_temple, minmay_vboxes

Skill      XL: |  1  2  3 |
---------------+----------+-----
Transmutations | 3 |  3.8
Dodging        | 3 |  3.0
Stealth        | 1 |  1.5
Fighting       | 2 |  2.0
Unarmed Combat | |  3.4
Spellcasting   | |  2.0
Poison Magic   | |  0.7

Action                   || total
-------------------------++-------
Melee: Unarmed           ||    21
       Headbutt          ||    18
       Punch             ||     3
       Mace              ||   118
 Cast: Beastly Appendage ||    27
       Wereblood         ||     2
  Use: Potion            ||     2
       Scroll            ||     2
Armor: Robe              ||    31
       Skin              ||     7
Dodge: Dodged            ||   118

Table legend: (Time is in decaauts)
 A = Elapsed time spent in this place.
 B = Non-inter-level travel time spent in this place.
 C = Inter-level travel time spent in this place.
 D = Time resting spent in this place.
 E = Time spent auto-exploring this place.
 F = Levels seen in this place.
 G = Mean time per level.
                   A        B        C        D        E       F      G
               +--------+--------+--------+--------+--------+-----+--------+
         Total |   1401 |   1352 |     49 |    196 |    777 |   2 |  700.5 |
       Dungeon |   1401 |   1352 |     49 |    196 |    777 |   2 |  700.5 |
               +--------+--------+--------+--------+--------+-----+--------+

Top non-repeatable levels by time:
     D:1: 1028 daAuts
     D:2: 372 daAuts
